 Dungeon Sprint DCSS version 0.27.1-33-g824d729ab1 (console) character file.

Game seed: 8202031830909444134

81 Banquo the Magician (level 4, -31/54 HPs)
             Began as a Djinni Fire Elementalist on Dec 29, 2021.
             Was an Initiate of Ashenzari.
             Killed from afar by a deep elf knight (33 damage)
             ... with a shard of ice
             ... in the Dungeon (Sprint V: "Ziggurat Sprint").
             The game lasted 00:03:50 (106 turns).

Banquo the Magician (Djinni Fire Elementalist)       Turns: 106, Time: 00:03:50

Health: -31/54     AC: 15    Str:  7    XL:     4   Next: 68%
Gold:   0          EV:  7    Int: 30    God:    Ashenzari [......] SH:  7 Dex: 13

rFire    + . .     SeeInvis .   a - +6 shillelagh "Devastator" {shatter}
rCold    + . .     Faith    .   i - +3 buckler
rNeg     . . .     Spirit   .   d - +5 ice dragon scales
rPois    ∞         Reflect  .   (no helmet)
rElec    .         Harm     .   (no cloak)
rCorr    .         Rampage  .   (no gloves)
Will     .....     NoTele   +   (boots unavailable)
Stlth    ..........             (no amulet)
HPRegen  0.18/turn              l - +6 ring of intelligence
MPRegen  0.00/turn              m - +6 ring of intelligence

@: berserking, flying, very quick
A: sickness immunity, fire resistance 2, cold vulnerability 1, float, innate
caster, hp casting, extra vitality 1
a: Renounce Religion


You were in the Dungeon.
You worshipped Ashenzari.
Ashenzari was noncommittal.
You visited 1 branch

Inventory:

Hand Weapons
 a - the +6 shillelagh "Devastator" (weapon) {shatter}
   (You found it in the Dungeon)

   It releases a powerful concussive burst when it strikes, dealing extra damage
   to the target and all other foes adjacent to them.
 D - a +5 demon trident
Armour
 d - +5 ice dragon scales (worn)
 i - a +3 buckler (worn)
 r - the +18 shield of the Gong {rElec rN+ Will+ EV-5}
   (You found it in the Dungeon)

   It is deafeningly noisy when blocking attacks.
   EV:        It affects your evasion (-5).
   rElec:     It insulates you from electricity.
   rN:        It protects you from negative energy.
   Will:      It increases your willpower.
Magical Staves
 q - a staff of poison
Jewellery
 j - a +6 ring of dexterity
 k - a +6 ring of dexterity
 l - a +6 ring of intelligence (left hand)
 m - a +6 ring of intelligence (right hand)
 n - a +6 ring of strength
 o - a +6 ring of strength
Wands
 g - a wand of mindburst (7)
 h - a wand of iceblast (7)
 C - a wand of acid (7)
Scrolls
 f - 4 scrolls of blinking
 s - 7 scrolls of fog
 t - a scroll of holy word
 v - 2 scrolls of fear
Potions
 b - 10 potions of curing
 c - 8 potions of heal wounds
 e - 2 potions of berserk rage
 w - 2 potions of brilliance
 x - 2 potions of invisibility
 y - 6 potions of haste
 z - 4 potions of resistance
 B - 5 potions of might
Miscellaneous
 p - a lightning rod (4/4)


   Skills:
 * Level 3.6 Fighting
 * Level 3.0 Maces & Flails
 * Level 3.6 Armour
 + Level 2.6 Dodging
 - Level 1.5 Stealth
 + Level 3.0 Shields
 * Level 5.2 Spellcasting


You couldn't memorise any spells.
You knew the following spells:

 Your Spells              Type           Power      Damage    Failure   Level
a - Foxfire               Conj/Fire      100%       2x1d9     13%         1
b - Conjure Flame         Conj/Fire      39%        6-21      36%         3
c - Inner Flame           Hex/Fire       39%        N/A       36%         3
d - Sticky Flame          Conj/Fire      39%        2d6       78%         4
e - Fireball              Conj/Fire      19%        3d9       98%         5
f - Animate Skeleton      Necr           78%        N/A       13%         1
Your spell library was empty.

Dungeon Overview and Level Annotations

Branches:
Dungeon (1/1)

Altars:
Ashenzari
Cheibriados
Dithmenos
Elyvilon
Fedhas
Gozag
Hepliaklqana
Kikubaaqudgha
Makhleb
Nemelex Xobeh
Okawaru
Qazlal
Ru
Sif Muna
Trog
Uskayaw
Vehumet
Wu Jian
Xom
Yredelemnul
Zin
The Shining One
Beogh
Jiyva
Lugonu

Annotations:
D 1 transporter


Innate Abilities, Weirdness & Mutations

You are immune to sickness and miasma.
You are immune to poison.
Your flesh is very heat resistant. (rF++)
You are vulnerable to cold. (rC-)
You float through the air rather than walking.
You learn spells naturally, not from books.
Your magical power is your life essence.
You have superior vitality. (+4 HP)


Message History

The shard of ice hits you!! You partially resist.
Ouch! That really hurt!
* * * LOW HITPOINT WARNING * * *
Unknown command.
Casting: Foxfire (safe; 13% risk of failure)
Confirm with . or Enter, or press ? or * to list all spells.
You don't have enough health to cast this spell.
Unknown command.
You feel much better.
The foxfire hits the deep elf zephyrmancer.
The deep elf zephyrmancer is lightly wounded.
The foxfire hits the deep elf zephyrmancer.
The deep elf zephyrmancer is moderately wounded.
The deep elf knight points at you and mumbles some strange words.
The shard of ice hits you!! You partially resist.
Ouch! That really hurt!
* * * LOW HITPOINT WARNING * * *
Okay, then.
Unknown command.
You feel much better.
The deep elf archer shoots an arrow.
You block the arrow.
Unknown command.
A red film seems to cover your vision as you go berserk!
You feel yourself moving faster!
You feel mighty!
The deep elf archer shoots an arrow.
The arrow hits you!!
Ouch! That really hurt!
* * * LOW HITPOINT WARNING * * *
The deep elf zephyrmancer mumbles some strange words.
The deep elf zephyrmancer blinks!
You feel a strong urge to attack something.
The deep elf knight hits you with a +0 short sword!
* * * LOW HITPOINT WARNING * * *
You sock the deep elf knight!
There is a shattering impact!
The deep elf knight is heavily wounded.
The deep elf archer is lightly wounded.
The deep elf zephyrmancer is heavily wounded.
The deep elf knight is heavily wounded.
The deep elf knight casts a spell at you.
The shard of ice hits you!! You partially resist.
Ouch! That really hurt!
You die...

▓▓▓▓▓▓▓▓▓▓▓▓▓
▓.8©8.▓.8©8.▓
▓.||:.▓.....▓
▓.....▓...).▓
▓.....▓.....▓
▓.ee..▓.....▓
▓..@e.▓..©..▓
▓..©..▓▓▓▓▓▓▓
▓▓▓▓▓▓▓


You could see a deep elf archer (repels missiles), a deep elf knight and a deep
elf zephyrmancer.

Vanquished Creatures
  A wolf (D)
  A jackal (D)
2 creatures vanquished.

Vanquished Creatures (others)
  2 foxfires (D)
2 creatures vanquished.

Grand Total: 4 creatures vanquished

Notes
Turn   | Place    | Note
-------+----------+-------------------------------------------
     0 | D        | Banquo the Djinni Fire Elementalist began the quest for the
                  | Orb.
     0 | D        | Reached XP level 1. HP: 15/15 MP: 0/0
     0 | D        | Found a bloodstained altar of Trog.
     0 | D        | Found a sacrificial altar of Ru.
     0 | D        | Found a stormy altar of Qazlal.
     0 | D        | Found an iron altar of Okawaru.
     2 | D        | Found a sparkling altar of Nemelex Xobeh.
     2 | D        | Found the +6 Majin-Bo {vamp, MP+6 Int+6}
     2 | D        | Found the +9 heavy crossbow "Sniper" {vorpal, Acc+∞ SInv}
     2 | D        | Found the +10 dark maul {vorpal}
     2 | D        | Found the +15 Maxwell's patent armour {-Cast -Tele rElec
                  | Will+ rCorr}
     2 | D        | Found the +18 shield of the Gong {rElec rN+ Will+ EV-5}
     2 | D        | Found the +14 obsidian axe {vorpal, Mesm Drain Fly SInv}
     2 | D        | Found the +7 great mace "Firestarter" {inner flame, rF++}
     2 | D        | Found the +6 shillelagh "Devastator" {shatter}
     2 | D        | Found the +11 plutonium sword {Contam Stlth-}
     2 | D        | Found the +8 lance "Wyrmbane" {slay drac, rPois rF+ rC+
                  | AC+3}
     2 | D        | Found the +9 sword of Zonguldrok {reap}
     2 | D        | Found the +13 scythe of Curses {drain, Drain}
     2 | D        | Found the +5 sword of Power {vorpal}
     2 | D        | Found the +7 mace of Variability {chain chaos}
     2 | D        | Found the +7 Singing Sword {vorpal, sonic wave}
     2 | D        | Found the +8 storm bow {elec, penet}
     5 | D        | Found a corrupted altar of Lugonu.
     5 | D        | Found a burning altar of Makhleb.
     5 | D        | Found a transporter.
     5 | D        | Found a viscous altar of Jiyva.
     5 | D        | Found a hazy altar of Hepliaklqana.
    21 | D        | Found an opulent altar of Gozag.
    22 | D        | Found a blossoming altar of Fedhas.
    71 | D        | Became a worshipper of Ashenzari the Shackled
    83 | D        | Reached skill level 3 in Spellcasting
    83 | D        | Reached XP level 2. HP: 25/25 MP: 0/0
    86 | D        | Entered arena 2.
    86 | D        | Identified the +3 halberd of Dried Tears {antimagic, rElec
                  | rF++ rC- Dex+4}
    86 | D        | Noticed a wolf
    86 | D        | Found a transporter.
    87 | D        | Killed a wolf
    88 | D        | Reached skill level 5 in Spellcasting
    88 | D        | Reached XP level 3. HP: 30/30 MP: 0/0
    88 | D        | Learned a level 1 spell: Animate Skeleton
    88 | D        | Reached XP level 4. HP: 36/36 MP: 0/0
   100 | D        | Entered arena 3.
   100 | D        | Noticed a deep elf archer
   100 | D        | Noticed a deep elf zephyrmancer
   100 | D        | Noticed a deep elf knight
   100 | D        | Found a transporter.
   101 | D        | HP: 1/36 [deep elf knight/shard of ice (25)]
   106 | D        | Killed from afar by a deep elf knight

Illustrated notes

Levels and vault maps discovered:
D:        sprint_v [room_start, room_1, room_2, room_3, room_4, room_5, room_6,
          room_7, room_8, room_9, room_10, room_11, room_12, room_13, room_14,
          room_15, room_16, room_17, room_18, room_19, room_20, room_21,
          room_22, room_23, room_24, room_25, room_26, room_27]

Skill      XL: |  1  2 |
---------------+-------+-----
Fighting       | 3 |  3.6
Maces & Flails | 2 3 |  3.0
Armour         | 3 |  3.6
Shields        | 3 |  3.0
Spellcasting   | 3 5 |  5.2
Dodging        | |  2.6
Stealth        | |  1.5

Action                   |  1- 3 |  4- 6 || total
-------------------------+-------+-------++-------
Melee: Shillelagh        |     1 |     1 ||     2
 Cast: Foxfire           |       |     1 ||     1
  Use: Potion            |     1 |     3 ||     4
Block: Buckler           |       |     1 ||     1
